cohdb
Replays
Latest Replays
All Replays
Popular Replays
Top Player Replays
Match Explorer
How It Works
Community
CoH3 Stats
Reddit
Sign in to upload your games and track your stats! →
Sign in with Steam
Match 42203831
Unlisted
Match 42203831
Overview
Messages
Build Orders
End
Selects Italian Combined Arms Battlegroup
Selects Bersaglieri Squad
Bersaglieri Squad
Bersaglieri Squad
Construct Light Support Kompanie
2.5-tonne Medical Truck
Bersaglieri Squad
Fire Support Elements
Selects Bersaglieri Bolster
Veteran Squad Leaders
Construct Panzerarmee Kommand
Selects Breda Model 30 Light Machine Guns
Walking Stuka Rocket Launcher
Panzerjäger Squad
Panzerjäger Squad
Selects Semovente da 75/18 Assault Gun
Rapid Advance
Walking Stuka Rocket Launcher
Selects Strafing Run
Selects Pact of Steel
Walking Stuka Rocket Launcher
Flak 36 Anti-tank Gun Team
Strafing Run
Pak 38 Mechanized Group
Emergency Repair Kits
Strafing Run
Flak 36 Anti-tank Gun Team
Ciallo~(∠・ω< )⌒★
Ani Nega Gojarane!
kenleung
鱼塘摸鱼猫师傅高分大神快退散
narrzilla
ETO420
CHADTOWNE
GAGE
0
0
Comments
sign in to comment!
No comments posted yet!